 Dungeon Crawl Stone Soup version 0.13-a0-2484-gc765b08 (webtiles) character file.

812 Rycklaryybbe the Slicer (level 8, -6/48 HPs)
             Began as a Kobold Berserker on July 20, 2013.
             Was an Elder of Trog.
             Mangled by an ogre
             ... wielding a +0,+0 giant club
              (15 damage)
             ... on Level 5 of the Dungeon.
             The game lasted 00:13:16 (3912 turns).

Rycklaryybbe the Slicer (Kobold Berserker)          Turns: 3912, Time: 00:13:17

HP  -6/48        AC  4     Str 16      XL: 8   Next:  1%
MP   7/7         EV 14     Int  5      God: Trog [****..]
Gold 99          SH 11     Dex 17      Spells:  0 memorised,  7 levels left

Res.Fire  : . . .   See Invis. : +   D - +4,+2 short sword (drain)
Res.Cold  : . . .   Warding    : .   m - +0 orc robe
Life Prot.: . . .   Conserve   : .   r - +1 dwarf buckler
Res.Poison: .       Res.Corr.  : .   (no helmet)
Res.Elec. : .       Clarity    : .   (no cloak)
Sust.Abil.: . .     Spirit.Shd : .   w - +1 pair of gauntlets
Res.Mut.  : .       Stasis     : .   (no boots)
Res.Rott. : .       Flight     : .   (no amulet)
Saprovore : + + .                    p - ring of wizardry
                                     s - ring of see invisible {unknown}

@: exhausted, slowed, very slow, slightly resistant to hostile enchantments,
very unstealthy
A: disease resistance, carnivore 3, saprovore 2
a: Burn Spellbooks, Berserk, Trog's Hand, Brothers in Arms, Renounce Religion


You were on level 5 of the Dungeon.
You worshipped Trog.
Trog was extremely pleased with you.
You were not hungry.

You visited 1 branch of the dungeon, and saw 5 of its levels.

You collected 183 gold pieces.
You spent 104 gold pieces at shops.

Inventory:

Hand weapons
 a - a +0,+0 short sword
 k - a +2,+1 elven short sword of freezing
 D - a +4,+2 short sword of draining (weapon)
Missiles
 C - a silver dart (quivered)
Armour
 b - a +0 animal skin
 j - a +0 elven buckler
 m - a +0 orcish robe (worn)
 r - a +1 dwarven buckler (worn)
 t - a +0 orcish leather armour
 w - a +1 pair of gauntlets (worn)
Magical devices
 y - a wand of draining (2) {unknown}
Comestibles
 c - 3 meat rations
Scrolls
 g - 3 scrolls of teleportation
 v - 2 scrolls of blinking {unknown}
 z - a scroll of remove curse
 A - a scroll of enchant weapon I {unknown}
 B - a scroll of amnesia {unknown}
 E - a scroll of enchant armour {unknown}
Jewellery
 i - an uncursed ring of teleportation
 p - a ring of wizardry (right hand)
 s - a ring of see invisible (left hand) {unknown}
Potions
 d - 2 potions of heal wounds
 e - 4 potions of curing
 f - 2 potions of invisibility {unknown}
 h - a potion of agility {unknown}
 l - a potion of beneficial mutation {unknown}
 o - 2 potions of restore abilities
 q - 2 potions of speed
 u - a potion of poison {unknown}
 x - a potion of might {unknown}


   Skills:
 - Level 3.2 Fighting
 + Level 11.2 Short Blades
 - Level 1.5 Armour
 - Level 2.4 Dodging


You had 7 spell levels left.
You didn't know any spells.

Dungeon Overview and Level Annotations

Branches:
Dungeon (5/27)             Temple (0/1) D:4

Altars:
Fedhas
Nemelex Xobeh

Shops:
D:4: !


Innate Abilities, Weirdness & Mutations

You recuperate from illness quickly.
You are small and have problems with some larger weapons.
You are carnivorous and can eat meat at any time.
You can eat rotten meat.


Message History

You feel a strong urge to attack something.
You feel your anger subside.
You are no longer berserk.
You are exhausted.
You feel yourself slow down.
Found 2 blue potions.
You enter the shallow water.
Moving in this stuff is going to be slow.
You hit the plant but do no damage. You hit the plant but do no damage.
You hit the plant.
The plant is lightly damaged.
An ogre comes into view. It is wielding a giant club.
The ogre shouts!
You block the ogre's attack. The ogre hits you with a giant club!
Ouch! That really hurt!
* * * LOW HITPOINT WARNING * * *
The ogre hits you with a giant club!
You die...

....≈≈≈P≈.............#
##≈P≈≈P♣≈P............#
≈.≈♣♣ ♣≈P.....<.>....# P
♣≈≈≈.....#)##### #?.
♣♣≈P...###.# #.PP
♣♣♣♣≈P...$.........
....≈≈♣≈♣≈≈≈P......###.(.
#..≈P≈≈≈O≈#.#####.# .
#...≈PP@###.# #.#
###...#.# #.O ... #......
... ... ......... ... ...
........... . ...
........##. .......# .#
#..#.## #.#


You could see an ogre.

Vanquished Creatures
  Grinder (D:3)
  3 ogres
  An iguana (D:4)
  2 orc wizards (D:4)
  Ijyb (D:2)
  Jessica (D:2)
  3 adders
  An inept feature mimic (D:2)
  2 worms
  2 giant geckos
  10 orcs
  A ball python (D:2)
  6 giant cockroaches
  7 goblins
  14 hobgoblins
  9 jackals (D:1)
  11 kobolds
  A quokka (D:2)
  9 bats
  4 giant newts
  9 rats
98 creatures vanquished.

Notes
Turn   | Place    | Note
--------------------------------------------------------------
     0 | D:1      | Rycklaryybbe, the Kobold Berserker, began the quest for the Orb.
     0 | D:1      | Reached XP level 1. HP: 14/14 MP: 0/0
   389 | D:1      | Reached XP level 2. HP: 14/19 MP: 1/1
   446 | D:1      | Reached skill level 5 in Short Blades
   471 | D:1      | Reached XP level 3. HP: 3/24 MP: 2/2
   769 | D:1      | Acquired Trog's second power
  1312 | D:2      | Noticed Ijyb
  1341 | D:2      | Noticed Jessica
  1347 | D:2      | Killed Jessica
  1347 | D:2      | Reached skill level 6 in Short Blades
  1347 | D:2      | Reached XP level 4. HP: 22/28 MP: 3/3
  1697 | D:2      | Killed Ijyb
  1697 | D:2      | Reached skill level 7 in Short Blades
  1697 | D:2      | Reached XP level 5. HP: 25/33 MP: 4/4
  2003 | D:2      | Noticed an ogre
  2010 | D:2      | Killed an ogre
  2010 | D:2      | Reached skill level 8 in Short Blades
  2010 | D:2      | Reached XP level 6. HP: 38/38 MP: 5/5
  2272 | D:3      | Noticed Grinder
  2282 | D:3      | Killed Grinder
  2282 | D:3      | Reached skill level 10 in Short Blades
  2282 | D:3      | Reached XP level 7. HP: 42/42 MP: 6/6
  3166 | D:4      | Found Fovucitu's Distillery.
  3170 | D:4      | Bought a potion of restore abilities for 39 gold pieces
  3170 | D:4      | Bought a potion of heal wounds for 39 gold pieces
  3170 | D:4      | Bought a potion of curing for 26 gold pieces
  3233 | D:4      | Found a blossoming altar of Fedhas.
  3286 | D:4      | Found a staircase to the Ecumenical Temple.
  3559 | D:4      | Found a sparkling altar of Nemelex Xobeh.
  3679 | D:4      | Reached skill level 11 in Short Blades
  3769 | D:4      | Acquired Trog's third power
  3875 | D:5      | Entered Level 5 of the Dungeon
  3892 | D:5      | Reached XP level 8. HP: 48/48 MP: 7/7
  3912 | D:5      | Mangled by an ogre

Action                   |  1- 3 |  4- 6 |  7- 9 || total
-------------------------+-------+-------+-------++-------
Melee: Short sword       |   130 |   101 |   101 ||   332
Invok: Berserk           |     1 |     2 |     3 ||     6
       Burn Spellbooks   |       |       |     1 ||     1
       Trog's Hand       |       |       |     1 ||     1
  Use: Scroll            |     2 |       |     2 ||     4
